 Dungeon Crawl Stone Soup version 0.28.0 (webtiles) character file.

Game seed: 4998490360481035937

10 Morbidden the Skirmisher (level 2, 24/24 HPs)
             Began as a Demonspawn Fighter on Feb 15, 2022.
             Was a Follower of Qazlal.
             Quit the game on level 1 of the Dungeon.
             The game lasted 00:00:42 (669 turns).

Morbidden the Skirmisher (Demonspawn Fighter)        Turns: 669, Time: 00:00:43

Health: 24/24      AC:  6    Str: 16    XL:     2   Next: 10%
Magic:  2/2        EV:  9    Int:  9    God:    Qazlal [*.....]
Gold:   91         SH:  1    Dex: 12    Spells: 1/1 levels left

rFire   . . .      SeeInvis .   (no weapon)
rCold   . . .      Faith    .   (no shield)
rNeg    . . .      Spirit   .   b - +0 scale mail
rPois   .          Reflect  .   (no helmet)
rElec   .          Harm     .   (no cloak)
rCorr   .          Rampage  .   (no gloves)
Will    .....                   (no boots)
Stlth   ..........              (no amulet)
HPRegen 0.08/turn               (no ring)
MPRegen 0.08/turn               (no ring)

@: no status effects
A: demonic touch 1
a: Renounce Religion


You were on level 1 of the Dungeon.
You worshipped Qazlal.
Qazlal was aware of your devotion.
You visited 1 branch of the dungeon, and saw 1 of its levels.

You collected 91 gold pieces.

Inventory:

Missiles
 g - 2 javelins (quivered)
Armour
 b - a +0 scale mail (worn)
 f - a +0 pair of gloves
Scrolls
 e - a scroll of magic mapping {unknown}
Potions
 d - a potion of might


   Skills:
 + Level 3.2 Fighting
 + Level 1.9 Axes
 + Level 2.8 Armour
 + Level 2.9 Shields


You had one spell level left.
You didn't know any spells.
Your spell library contained the following spells:

 Spells                   Type           Power      Damage    Failure   Level
 Slow                     Hex            0%         N/A       82%         1
 Confusing Touch          Hex            0%         N/A       99%         3
 Conjure Flame            Conj/Fire      0%         6-21      99%         3
 Ignite Poison            Fire/Tmut/Pois 0%         N/A       99%         3
 Vampiric Draining        Necr           0%         2d6       99%         3
 Sticky Flame             Conj/Fire      0%         2d3       100%        4


Dungeon Overview and Level Annotations

Branches:
Dungeon (1/15)

Altars:
Qazlal


Innate Abilities, Weirdness & Mutations

Your touch may inflict minor irresistible damage on your foes.


Message History

There is a stone staircase leading down here.
A ball python comes into view.
The ball python hisses angrily.
The ball python bites you but does no damage.
The ball python grabs you. The ball python constricts you.
The ball python bites you but does no damage.
The ball python constricts you.
A ball python is nearby!
You barely miss the ball python. The ball python completely misses you.
The ball python constricts you.
You barely miss the ball python.
You touch the ball python.
You kill the ball python!
There is an open door here.
There is a staircase leading out of the dungeon here.
You open the door.
There is an open door here.
You see here a frilled lizard skeleton.
Key pressed, stopping explore.
No target in view!
Key pressed, stopping explore.
No target in view!
Key pressed, stopping explore.
No target in view!
No target in view!
Done exploring.
No target in view!
No target in view!
Press: ? - help, v - describe, . - travel The floor.
You see here a frilled lizard skeleton.
You see here a ball python skeleton.
There is a faded altar of an unknown god here.
You cannot tell which god this altar belongs to.
Convert to them anyway?
Okay, then.
You cannot tell which god this altar belongs to.
Convert to them anyway?
Qazlal accepts your prayer! Qazlal welcomes you!
Qazlal grants you and your divine allies immunity to clouds.
You are now surrounded by a storm.
Are you sure you want to abandon this character and quit the game? (Confirm with "yes".)

#.### #..# #.....<..(
#.# #.######.........
##.# #.....##.........
#..# #..#####..8.....8
#.## ##.## #.........
#.# #..# #......... #.##
###..# ######'###
#..####..รท## ### #.###
##..#....@#####.# #.##.
##.###......##.### #.##.
#.####.###.[....####....
#..# #.# ###..#.........
##.###.#####...##.#####.
#.>.......####....# #.
#.).[...[.####...## ###.
#.........##...#..###...
#............####.....##


There were no monsters in sight!

Vanquished Creatures
  An endoplasm (D:1)
  A giant cockroach (D:1)
  3 hobgoblins (D:1)
  3 ball pythons (D:1)
  A frilled lizard (D:1)
9 creatures vanquished.

Notes
Turn   | Place    | Note
-------+----------+-------------------------------------------
     0 | D:1      | Morbidden the Demonspawn Fighter began the quest for the
                  | Orb.
     0 | D:1      | Reached XP level 1. HP: 18/18 MP: 1/1
   355 | D:1      | Found a faded altar of an unknown god.
   411 | D:1      | Discovered your monstrous ancestry.
   411 | D:1      | Gained mutation: Your touch may inflict minor irresistible
                  | damage on your foes. [demonic ancestry]
   411 | D:1      | Reached XP level 2. HP: 21/24 MP: 2/2
   668 | D:1      | Prayed at the altar of an unknown god.
   668 | D:1      | Became a worshipper of Qazlal Stormbringer
   668 | D:1      | Reached * piety under Qazlal
   669 | D:1      | Quit the game

Illustrated notes

Levels and vault maps discovered:
D:1:      psy_arrival_statuary, layout_rooms, basic_ecumenical_altar

Action                   || total
-------------------------++-------
Melee: War axe           ||    23
       Unarmed           ||     2
       Touch             ||     1
Armor: Scale mail        ||     9
Dodge: Dodged            ||    15
Block: Buckler           ||     5
